| TOP OF THE 1ST |
|
Asheville Tourists batting - Pitching for Columbus Skeeters : RHP Carlos Zeballos
|
|
Pitching: RHP Carlos Zeballos
|
|
|
Batting: RHB Ulises Infante
|
0-0: Ball 1-0: Fly out, F8 (Flyball, 8LM, EV 81.9 MPH)
|
|
Batting: LHB Elias Nava
|
0-0: Ball 1-0: Called Strike 1-1: Called Strike 1-2: Ball 2-2: Ball 3-2: Hit by Pitch
|
|
Batting: LHB Michael Wishnevski
|
0-0: SINGLE (Flyball, 56D, EV 79.4 MPH) Elias Nava to second
|
|
Batting: SHB Dan Hanggie
|
0-0: Ball 1-0: Ball 2-0: Ball 3-0: Called Strike 3-1: Swinging Strike 3-2: Foul Ball, location: 2F 3-2: Grounds into double play, 3-6-1 (Groundball, 3, EV 94.4 MPH)
|
| Top of the 1st over - 0 runs, 1 hit, 0 errors, 1 left on base; Asheville 0 - Columbus 0 |
| BOTTOM OF THE 1ST |
|
Columbus Skeeters batting - Pitching for Asheville Tourists : RHP Victor Cruz
|
|
Pitching: RHP Victor Cruz
|
|
|
Batting: RHB Randolph Ebersberger
|
0-0: Ball 1-0: Called Strike 1-1: Ball 2-1: Foul Ball, location: 2F 2-2: Strikes out looking
|
|
Batting: RHB Heri Ramirez
|
0-0: Swinging Strike 0-1: Ball 1-1: Called Strike 1-2: Foul Ball, location: 2F 1-2: SOLO HOME RUN (Flyball, 78XD, EV 105.0 MPH), Distance : 404 ft
|
|
Batting: RHB Venoy Garrison
|
0-0: Called Strike 0-1: Ball 1-1: Swinging Strike 1-2: Ball 2-2: Strikes out swinging
|
|
Batting: LHB Sam Horn
|
0-0: Called Strike 0-1: Foul Ball, location: 2F 0-2: Ball 1-2: Foul Ball, location: 2F 1-2: Strikes out looking
|
| Bottom of the 1st over - 1 run, 1 hit, 0 errors, 0 left on base; Asheville 0 - Columbus 1 |
| TOP OF THE 2ND |
|
Asheville Tourists batting - Pitching for Columbus Skeeters : RHP Carlos Zeballos
|
|
Batting: LHB Donald Mazzilli
|
0-0: Ball 1-0: Ground out 4-3 (Groundball, 4, EV 106.9 MPH)
|
|
Batting: RHB Gareth Ledbetter
|
0-0: Ball 1-0: Ball 2-0: Called Strike 2-1: Swinging Strike 2-2: Foul Ball, location: 2F 2-2: Strikes out swinging
|
|
Batting: LHB Daniel McInerny
|
0-0: Foul Ball, location: 2F 0-1: Ball 1-1: Called Strike 1-2: Ball 2-2: Ball 3-2: Foul Ball, location: 2F 3-2: Foul Ball, location: 2F 3-2: Base on Balls
|
|
Batting: RHB Jack Ramirez
|
0-0: Ball 1-0: Called Strike 1-1: Ball 2-1: Swinging Strike 2-2: Foul Ball, location: 2F 2-2: Strikes out looking
|
| Top of the 2nd over - 0 runs, 0 hits, 0 errors, 1 left on base; Asheville 0 - Columbus 1 |
| BOTTOM OF THE 2ND |
|
Columbus Skeeters batting - Pitching for Asheville Tourists : RHP Victor Cruz
|
|
Batting: RHB Joe Redfield
|
0-0: Ball 1-0: Ball 2-0: Ball 3-0: Base on Balls
|
|
Batting: LHB John Weller
|
0-0: Foul Ball, location: 2F 0-1: Ball 1-1: Ball 2-1: Ball 3-1: Grounds out, U3 (Groundball, 3L, EV 75.6 MPH)
|
|
Batting: RHB Danny Sheaffer
|
0-0: Called Strike 0-1: Swinging Strike 0-2: Ground out 6-3 (Groundball, 6, EV 86.9 MPH)
|
|
Batting: LHB Jay Erdahl
|
0-0: Called Strike 0-1: Ground out U3 (Groundball, 34, EV 86.9 MPH)
|
| Bottom of the 2nd over - 0 runs, 0 hits, 0 errors, 1 left on base; Asheville 0 - Columbus 1 |
| TOP OF THE 3RD |
|
Asheville Tourists batting - Pitching for Columbus Skeeters : RHP Carlos Zeballos
|
|
Batting: SHB Wayne Simmons
|
0-0: Called Strike 0-1: Called Strike 0-2: Ball 1-2: Strikes out swinging
|
|
Batting: RHB Ulises Infante
|
0-0: Ball 1-0: Ball 2-0: Ball 3-0: Called Strike 3-1: Foul Ball, location: 2F 3-2: Base on Balls
|
|
Batting: LHB Elias Nava
|
0-0: Foul Ball, location: 2F 0-1: Foul Ball, location: 2F 0-2: Fly out, F8 (Flyball, 89M, EV 78.8 MPH)
|
|
Batting: LHB Michael Wishnevski
|
0-0: Hit by Pitch Ulises Infante to second
|
|
Batting: SHB Dan Hanggie
|
0-0: Ground out 4-3 (Groundball, 4, EV 92.5 MPH)
|
| Top of the 3rd over - 0 runs, 0 hits, 0 errors, 2 left on base; Asheville 0 - Columbus 1 |
| BOTTOM OF THE 3RD |
|
Columbus Skeeters batting - Pitching for Asheville Tourists : RHP Victor Cruz
|
|
Batting: SHB Mike Howard
|
0-0: Ball 1-0: Ground out 6-3 (Groundball, 6S, EV 92.5 MPH)
|
|
Batting: RHB Randolph Ebersberger
|
0-0: Ball 1-0: Called Strike 1-1: Ground out U3 (Groundball, 34, EV 99.4 MPH)
|
|
Batting: RHB Heri Ramirez
|
0-0: Swinging Strike 0-1: Foul Ball, location: 2F 0-2: Strikes out swinging
|
| Bottom of the 3rd over - 0 runs, 0 hits, 0 errors, 0 left on base; Asheville 0 - Columbus 1 |
| TOP OF THE 4TH |
|
Asheville Tourists batting - Pitching for Columbus Skeeters : RHP Carlos Zeballos
|
|
Batting: LHB Donald Mazzilli
|
0-0: Called Strike 0-1: Foul Ball, location: 2F 0-2: Foul Ball, location: 2F 0-2: Ball 1-2: Foul Ball, location: 2F 1-2: Foul Ball, location: 2F 1-2: Ball 2-2: Fly out, F4 (Line Drive, 4, EV 67.5 MPH)
|
|
Batting: RHB Gareth Ledbetter
|
0-0: Ground out 4-3 (Groundball, 4, EV 85.6 MPH)
|
|
Batting: LHB Daniel McInerny
|
0-0: SINGLE (Groundball, 34D, EV 102.5 MPH)
|
|
Batting: RHB Jack Ramirez
|
0-0: Fly out, F4 (Flyball, 34D, EV 89.4 MPH)
|
| Top of the 4th over - 0 runs, 1 hit, 0 errors, 1 left on base; Asheville 0 - Columbus 1 |
| BOTTOM OF THE 4TH |
|
Columbus Skeeters batting - Pitching for Asheville Tourists : RHP Victor Cruz
|
|
Batting: RHB Venoy Garrison
|
0-0: Ball 1-0: Called Strike 1-1: Ball 2-1: Swinging Strike 2-2: Foul Ball, location: 2F 2-2: Ball 3-2: Fly out, F7 (Flyball, 78D, EV 93.1 MPH)
|
|
Batting: LHB Sam Horn
|
0-0: Called Strike 0-1: Foul Ball, location: 2F 0-2: Strikes out looking
|
|
Batting: RHB Joe Redfield
|
0-0: Ball 1-0: Fly out, F9 (Flyball, 9, EV 83.8 MPH)
|
| Bottom of the 4th over - 0 runs, 0 hits, 0 errors, 0 left on base; Asheville 0 - Columbus 1 |
| TOP OF THE 5TH |
|
Asheville Tourists batting - Pitching for Columbus Skeeters : RHP Carlos Zeballos
|
|
Batting: SHB Wayne Simmons
|
0-0: Called Strike 0-1: Ground out 3-1 (Groundball, 34, EV 96.9 MPH)
|
|
Batting: RHB Ulises Infante
|
0-0: Called Strike 0-1: Called Strike 0-2: Strikes out swinging
|
|
Batting: LHB Elias Nava
|
0-0: Ground out 6-3 (Groundball, 6, EV 101.3 MPH)
|
| Top of the 5th over - 0 runs, 0 hits, 0 errors, 0 left on base; Asheville 0 - Columbus 1 |
| BOTTOM OF THE 5TH |
|
Columbus Skeeters batting - Pitching for Asheville Tourists : RHP Victor Cruz
|
|
Batting: LHB John Weller
|
0-0: Ball 1-0: Ball 2-0: Swinging Strike 2-1: Ground out 4-3 (Groundball, 4, EV 90.6 MPH)
|
|
Batting: RHB Danny Sheaffer
|
0-0: Called Strike 0-1: Swinging Strike 0-2: Ball 1-2: DOUBLE (Line Drive, 9LS, EV 98.8 MPH)
|
|
Batting: LHB Jay Erdahl
|
0-0: Ball 1-0: Called Strike 1-1: Ball 2-1: Foul Ball, location: 2F 2-2: Ground out 4-3 (Groundball, 4MD, EV 104.4 MPH) Danny Sheaffer to third
|
|
Batting: SHB Mike Howard
|
0-0: Ball 1-0: Called Strike 1-1: Ball 2-1: Swinging Strike 2-2: Strikes out swinging
|
| Bottom of the 5th over - 0 runs, 1 hit, 0 errors, 1 left on base; Asheville 0 - Columbus 1 |
| TOP OF THE 6TH |
|
Asheville Tourists batting - Pitching for Columbus Skeeters : RHP Carlos Zeballos
|
|
Batting: LHB Michael Wishnevski
|
0-0: Called Strike 0-1: Ball 1-1: Swinging Strike 1-2: Ball 2-2: Strikes out swinging
|
|
Batting: SHB Dan Hanggie
|
0-0: SINGLE (Line Drive, 6D, EV 97.5 MPH)
|
|
Batting: LHB Donald Mazzilli
|
0-0: Called Strike 0-1: Foul Ball, location: 2F 0-2: Ball 1-2: Strikes out swinging
|
|
Batting: RHB Gareth Ledbetter
|
0-0: SINGLE (Groundball, 56D, EV 100.6 MPH) Dan Hanggie to second
|
|
Batting: LHB Daniel McInerny
|
0-0: Swinging Strike 0-1: Ball 1-1: Foul Ball, location: 2F 1-2: SINGLE (Flyball, 4D, EV 88.8 MPH) Dan Hanggie to third Gareth Ledbetter to second Runner from 3rd tries for Home, SAFE, throw by RF to home
|
|
Batting: RHB Jack Ramirez
|
0-0: Ball 1-0: Fielders Choice at 2nd, 5-4 (Groundball, 56, EV 92.5 MPH)
|
| Top of the 6th over - 1 run, 3 hits, 0 errors, 2 left on base; Asheville 1 - Columbus 1 |
| BOTTOM OF THE 6TH |
|
Columbus Skeeters batting - Pitching for Asheville Tourists : RHP Victor Cruz
|
|
Batting: RHB Randolph Ebersberger
|
0-0: Called Strike 0-1: Called Strike 0-2: Foul Ball, location: 2F 0-2: Ball 1-2: Ground out 2-3 (Groundball, 2L, EV 65.6 MPH)
|
|
Batting: RHB Heri Ramirez
|
0-0: Called Strike 0-1: Foul Ball, location: 2F 0-2: Ball 1-2: Ball 2-2: Foul Ball, location: 2F 2-2: Foul Ball, location: 2F 2-2: Strikes out swinging
|
|
Batting: RHB Venoy Garrison
|
0-0: Swinging Strike 0-1: Fly out, F8 (Flyball, 89D, EV 93.8 MPH)
|
| Bottom of the 6th over - 0 runs, 0 hits, 0 errors, 0 left on base; Asheville 1 - Columbus 1 |
| TOP OF THE 7TH |
|
Asheville Tourists batting - Pitching for Columbus Skeeters : RHP Carlos Zeballos
|
|
Batting: SHB Wayne Simmons
|
0-0: Foul Ball, location: 2F 0-1: Foul Ball, location: 2F 0-2: Ball 1-2: Ball 2-2: Strikes out looking
|
|
Batting: RHB Ulises Infante
|
0-0: Ball 1-0: Ground out 1-3 (Groundball, 13S, EV 69.4 MPH)
|
|
Batting: LHB Elias Nava
|
0-0: Ball 1-0: Ball 2-0: Ball 3-0: Base on Balls
|
|
Batting: LHB Michael Wishnevski
|
0-0: Ball 1-0: Ball 2-0: Called Strike 2-1: Called Strike 2-2: Strikes out looking
|
| Top of the 7th over - 0 runs, 0 hits, 0 errors, 1 left on base; Asheville 1 - Columbus 1 |
| BOTTOM OF THE 7TH |
|
Columbus Skeeters batting - Pitching for Asheville Tourists : RHP Victor Cruz
|
|
Batting: LHB Sam Horn
|
0-0: Ball 1-0: Ball 2-0: Called Strike 2-1: Foul Ball, location: 2F 2-2: Ground out U3 (Groundball, 3, EV 80.0 MPH)
|
|
Batting: RHB Joe Redfield
|
0-0: Called Strike 0-1: Ball 1-1: Swinging Strike 1-2: Foul Ball, location: 2F 1-2: Strikes out looking
|
|
Batting: LHB John Weller
|
0-0: Ball 1-0: Ball 2-0: SINGLE (Line Drive, 8RS, EV 105.0 MPH)
|
|
Batting: RHB Danny Sheaffer
|
0-0: Fielders Choice at 2nd, U6 (Groundball, 6M, EV 95.0 MPH)
|
| Bottom of the 7th over - 0 runs, 1 hit, 0 errors, 1 left on base; Asheville 1 - Columbus 1 |
| TOP OF THE 8TH |
|
Asheville Tourists batting - Pitching for Columbus Skeeters : RHP Carlos Zeballos
|
|
Batting: SHB Dan Hanggie
|
0-0: Ball 1-0: Ball 2-0: SOLO HOME RUN (Flyball, 78XD, EV 90.0 MPH), Distance : 432 ft
|
|
Batting: LHB Donald Mazzilli
|
0-0: Ball 1-0: Fly out, F7 (Flyball, 7LS, EV 83.1 MPH)
|
|
Batting: RHB Gareth Ledbetter
|
0-0: Ball 1-0: Ball 2-0: Foul Ball, location: 2F 2-1: Ground out 6-3 (Groundball, 56, EV 87.5 MPH)
|
|
Batting: LHB Daniel McInerny
|
0-0: Ball 1-0: Called Strike 1-1: Called Strike 1-2: Ball 2-2: Ball 3-2: Strikes out swinging
|
| Top of the 8th over - 1 run, 1 hit, 0 errors, 0 left on base; Asheville 2 - Columbus 1 |
| BOTTOM OF THE 8TH |
|
Columbus Skeeters batting - Pitching for Asheville Tourists : RHP Victor Cruz
|
|
Batting: LHB Jay Erdahl
|
0-0: Called Strike 0-1: Ball 1-1: Foul Ball, location: 2F 1-2: Ball 2-2: Foul Ball, location: 2F 2-2: Strikes out swinging
|
|
Batting: SHB Mike Howard
|
0-0: Ball 1-0: Ball 2-0: Ball 3-0: Called Strike 3-1: Base on Balls
|
|
Pinch Hitting: LHB Alejandro Arboleda
|
0-0: Foul Ball, location: 2F 0-1: Ball 1-1: Bunt - Flyout to P! F1
|
|
Batting: RHB Heri Ramirez
|
0-0: Ball 1-0: Ball 2-0: Called Strike 2-1: Ground out 1-3 (Groundball, 25, EV 74.4 MPH)
|
| Bottom of the 8th over - 0 runs, 0 hits, 0 errors, 1 left on base; Asheville 2 - Columbus 1 |
| TOP OF THE 9TH |
|
Asheville Tourists batting - Pitching for Columbus Skeeters : RHP Carlos Zeballos
|
|
Pitching: RHP Luis Jimenez
|
|
|
Now at 3B: Randy Kaczmarski
|
|
|
Batting: RHB Jack Ramirez
|
0-0: Ball 1-0: SOLO HOME RUN (Flyball, 9D, EV 109.4 MPH), Distance : 369 ft
|
|
Batting: SHB Wayne Simmons
|
0-0: Ball 1-0: Reached on error, E4 (Flyball, 34D, EV 86.9 MPH)
|
|
Batting: RHB Ulises Infante
|
0-0: Ball 1-0: Ball Wayne Simmons steals 2nd base 2-0: Called Strike 2-1: Called Strike 2-2: Foul Ball, location: 2F 2-2: Strikes out swinging
|
|
Batting: LHB Elias Nava
|
0-0: Ball 1-0: Ball 2-0: Ball 3-0: Called Strike 3-1: Ground out 2-3 (Groundball, 13S, EV 73.8 MPH) Wayne Simmons to third
|
|
Batting: LHB Michael Wishnevski
|
0-0: Ball 1-0: Called Strike 1-1: Swinging Strike 1-2: Ball 2-2: Foul Ball, location: 2F 2-2: Ball 3-2: Foul Ball, location: 2F 3-2: Base on Balls
|
|
Batting: SHB Dan Hanggie
|
0-0: Foul Ball, location: 2F 0-1: Ball 1-1: Foul Ball, location: 2F 1-2: Ball 2-2: SINGLE (Flyball, 34D, EV 90.0 MPH) Wayne Simmons scores Michael Wishnevski to second Runner from 2nd tries for 3rd, SAFE, throw by RF made to third
|
|
Batting: LHB Donald Mazzilli
|
0-0: Foul Ball, location: 2F 0-1: Foul Ball, location: 2F 0-2: Ball 1-2: Foul Ball, location: 2F 1-2: Strikes out swinging
|
| Top of the 9th over - 2 runs, 2 hits, 1 error, 2 left on base; Asheville 4 - Columbus 1 |
| BOTTOM OF THE 9TH |
|
Columbus Skeeters batting - Pitching for Asheville Tourists : RHP Victor Cruz
|
|
Pitching: RHP Michael Culbert
|
|
|
Batting: RHB Venoy Garrison
|
0-0: Called Strike 0-1: Swinging Strike 0-2: Ball 1-2: Strikes out swinging
|
|
Batting: LHB Sam Horn
|
0-0: Ball 1-0: Foul Ball, location: 2F 1-1: Foul Ball, location: 2F 1-2: Ball 2-2: Foul Ball, location: 2F 2-2: Ball 3-2: Fly out, F8 (Line Drive, 8LM, EV 87.5 MPH)
|
|
Batting: RHB Joe Redfield
|
0-0: Foul Ball, location: 2F 0-1: Ball 1-1: Swinging Strike 1-2: Strikes out swinging
|
| Bottom of the 9th over - 0 runs, 0 hits, 0 errors, 0 left on base; Asheville 4 - Columbus 1 |
|